 Dungeon Crawl Stone Soup version 0.31.0-11-ge490571c62 (webtiles) character file.

Game seed: 15754198188305039775

10 Aviak the Ruffian (level 2, 18/18 HPs)
             Began as an Octopode Shapeshifter on Jan 26, 2024.
             Was a Follower of Okawaru.
             Quit the game on level 1 of the Dungeon.
             The game lasted 00:00:33 (203 turns).

Aviak the Ruffian (Octopode Shapeshifter)            Turns: 203, Time: 00:00:34

Health: 18/18      AC:  1    Str: 13    XL:     2   Next: 20%
Magic:  2/2        EV: 13    Int: 12    God:    Okawaru [*.....]
Gold:   0          SH:  0    Dex: 11    Spells: 1/1 levels left

rFire   . .          .
                       - Unarmed
rCold   . . .        (no shield)
rNeg    . . .        (helmet currently unavailable)
rPois   .            (no amulet)
rElec   .            (no ring)
rCorr   .            (no ring)
SInv    .            (no ring)
Will    .....        (no ring)
Stlth   ++           (no ring)
HPRegen 0.23/turn    (no ring)
MPRegen 0.08/turn    (no ring)
                     (no ring)

%: no passive effects
@: beast-form
A: beast (slay +1), almost no armour, amphibious, 8 rings, camouflage 1,
gelatinous body 1, (nimble swimmer 1), tentacles
a: Begin Untransformation, Renounce Religion, Heroism


You were on level 1 of the Dungeon.
You worshipped Okawaru.
Okawaru was aware of your devotion.
You were a hulking beast.
You visited 1 branch of the dungeon, and saw 1 of its levels.

Inventory:

Talismans
 b - a beast talisman
 c - a flux talisman
Scrolls
 d - a scroll of enchant weapon {unknown}
Potions
 a - a potion of lignification {!q}
 e - a potion of curing {unknown}


   Skills:
 + Level 1.3 Fighting
 + Level 2.2 Dodging
 + Level 3.1 Unarmed Combat
 + Level 3.1 Shapeshifting


You had one spell level left.
You didn't know any spells.
Your spell library contained the following spells:

 Spells                   Type           Power      Damage    Failure   Level
 Sandblast                Erth           0%         2d4       32%         1
 Passwall                 Erth           0%         N/A       69%         3
 Stone Arrow              Conj/Erth      0%         3d7       69%         3
 Brom's Barrelling Bould  Conj/Erth      0%         2d3       97%         4


Dungeon Overview and Level Annotations

Branches:
Dungeon (1/15)

Altars:
Okawaru


Innate Abilities, Weirdness & Mutations

You are a hulking beast.
Your limbs bulge with bestial killing power. (Slay +1)
You cannot wear most types of armour.
You are amphibious.
You can wear up to eight rings at the same time.
Your skin changes colour to match your surroundings (Stealth+).
Your rubbery body absorbs attacks. (AC +1, EV +1)
((You are camouflaged when in or above water. (Stealth+)))
You have tentacles for arms and can constrict up to eight enemies at once.


Message History

d - a scroll labelled XONAPE USOLARPH You open the door.
A rat comes into view.
A rat is nearby!
There is an open door here.
The rat closely misses you.
You bludgeon the rat!
You kill the rat!
No target in view!
You see here a rat corpse.
A quokka and an endoplasm come into view.
There are monsters nearby!
The endoplasm quivers.
The endoplasm jiggles.
You tentacle-slap the quokka. You grab the quokka.
The quokka is heavily wounded.
You constrict the quokka. The quokka misses you.
You tentacle-slap the quokka but do no damage.
You tentacle-slap the quokka.
You kill the quokka!
You tentacle-slap the endoplasm.
The endoplasm is almost dead.
The endoplasm freezes you.
You are frozen.
You bludgeon the endoplasm!
You kill the endoplasm!
No target in view!
Found a short sword.
e - a dark potion A bat comes into view.
Found 6 poisoned darts.
Found a faded altar of an unknown god.
A bat is nearby!
You enter the shallow water.
A kobold comes into view. It is wielding a +0 dagger.
The kobold shouts!
There is a faded altar of an unknown god here.
This altar belongs to (a) Elyvilon, (b) Jiyva or (c) Okawaru, but you can't tell which.
Press the corresponding letter to learn more about a god, or press enter to convert or escape to cancel.
Okawaru accepts your prayer! Okawaru welcomes you!
You can now gain great but temporary skills.
Are you sure you want to abandon this character and quit the game? (Confirm with "yes".)

##'## ## ..# ##...##
##.#####..#
##....)####.#.....#.##
##.......##..~.....~..#.
#........).#~.~...~.~#..
'.........#..~.~(~.~..#
#.....)...#...~.≈.~...#
##........#...~≈.≈~...#
##.....#.#...~≈h≈~...#
####...##.#..~.~≈~.K..#
..###+####.#~~~~.~~~~#..
#.#.........#..~b~..#.##
#.#.#.#####..#.~.~.#.##
#.#.#.### #.#.##.##.##
........# #.##.....##
#.#.......... ...###
#.#....####.# ###


You could see a bat (wandering) and a kobold.

Vanquished Creatures
  An endoplasm (D:1)
  3 goblins (D:1)
  A hobgoblin (D:1)
  A quokka (D:1)
  A kobold (D:1)
  2 rats (D:1)
9 creatures vanquished.

Notes
Turn   | Place    | Note
-------+----------+-------------------------------------------
     0 | D:1      | Aviak the Octopode Shapeshifter began the quest for the
                  | Orb.
     0 | D:1      | Reached XP level 1. HP: 13/13 MP: 1/1
   135 | D:1      | Reached XP level 2. HP: 18/18 MP: 2/2
   192 | D:1      | Found a faded altar of an unknown god.
   202 | D:1      | Prayed at the altar of an unknown god.
   202 | D:1      | Became a worshipper of Warmaster Okawaru
   202 | D:1      | Reached * piety under Okawaru
   203 | D:1      | Quit the game

Illustrated notes

Levels and vault maps discovered:
D:1:      lemuel_arrival_behind_the_door_small, layout_loops_corners,
          shapermc_ecumenical_altar_starsandcircs

Action                     || total
---------------------------++-------
  Melee: Unarmed           ||    12
         Constrict         ||     5
         Tentacles         ||     3
         Punch             ||     2
   Stab: Sleeping          ||     1
 Armour: Skin              ||     2
  Dodge: Dodged            ||     3
